 Dungeon Crawl Stone Soup version 0.19.4-9-g45fd643 (webtiles) character file.

100 Rrauwl the Cudgeler (level 4, 0/28 HPs)
             Began as a Gargoyle Fighter on Feb 18, 2017.
             Killed by nerve-wracking pain
             ... invoked by an orc priest
              (1 damage)
             ... on level 3 of the Dungeon.
             The game lasted 00:06:19 (1505 turns).

Rrauwl the Cudgeler (Gargoyle Fighter)              Turns: 1505, Time: 00:06:20

Health: 0/28       AC: 13    Str: 24    XL:     4   Next: 73%
Magic:  4/4        EV:  5    Int:  9    God:
Gold:   79         SH:  9    Dex: 10    Spells: 0 memorised, 3 levels left

rFire  . . .     SeeInvis .     o - +2 whip (vamp)
rCold  + . .     Gourm    .     n - +0 chain mail
rNeg   + . .     Faith    .     c - +0 shield
rPois  ∞         Spirit   .     (no helmet)
rElec  +         Reflect  .     (no cloak)
rCorr  .         Harm     .     l - +0 pair of gloves
MR     .....                    (no boots)
Stlth  ..........               (no amulet)
                                (no ring)
                                k - ring of protection from cold

@: mighty
A: negative energy resistance 1, electricity resistance, unbreathing,
petrification resistance, rot immunity, AC +3
a: no special abilities


You were on level 3 of the Dungeon.
You were not hungry.

You visited 1 branch of the dungeon, and saw 3 of its levels.

You collected 79 gold pieces.

Inventory:

Hand Weapons
 o - a +2 vampiric whip (weapon)
Armour
 c - a +0 shield (worn)
 l - a +0 pair of gloves (worn)
 n - a +0 chain mail (worn)
Jewellery
 k - a ring of protection from cold (left hand)
Scrolls
 e - 3 scrolls of remove curse
 i - a scroll of identify {unknown}
 j - a scroll of fear {unknown}
 p - a scroll of noise {unknown}
Potions
 b - a potion of lignification {unknown}
 m - a potion of haste {unknown}
 q - a potion of flight {unknown}
 r - 2 potions of curing {unknown}
 s - a potion of heal wounds {unknown}
Comestibles
 a - a beef jerky
 f - 5 bread rations
 g - 3 meat rations
 h - 2 chunks of flesh


   Skills:
 - Level 3.2 Fighting
 + Level 4.8 Maces & Flails
 - Level 3.2 Armour
 - Level 3.2 Shields


You had 3 spell levels left.
You didn't know any spells.

Dungeon Overview and Level Annotations

Branches:
Dungeon (3/15)

Altars:


Innate Abilities, Weirdness & Mutations

You are resistant to torment.
Your stone body is resilient. (AC +3)
You are immune to poison.
You resist negative energy. (rN+)
You are resistant to electric shocks. (rElec)
You can survive without breathing.
You are immune to petrification.
You are immune to rotting.


Message History

You block the orc's attack.
You closely miss the orc.
The orc is severely wounded.
The orc hits you with a hand axe.
You hit the orc.
You feel better.
You kill the orc!
The orc priest hits you but does no damage.
Items here: )) [[ † a hand axe; a leather armour; a dagger; a robe; an orc corpse You hit the orc priest but do no damage.
The orc priest invokes the aid of Beogh against you.
Beogh smites you!
Ouch! That really hurt!
* * * LOW HITPOINT WARNING * * *
Your shield and chain mail prevent you from hitting the orc priest.
The orc priest looks encouraged for a moment.
You feel very mighty all of a sudden.
The orc priest calls down the wrath of Beogh upon you.
Pain shoots through your body!
You die...

## ..
#..##.#########
#.....o@)(....#
...##.#######.#
.. #.# ... #.#
#.# #.# # #.#
#.### ##+##
#...# ##...##
###.#


You could see an orc priest.

Vanquished Creatures
  An orc wizard (D:3)
  An adder (D:2)
  A dart slug (D:1)
  2 leopard geckos
  3 orcs (D:3)
  2 ball pythons (D:2)
  4 bats
  2 giant cockroaches
  6 hobgoblins
  7 jackals (D:2)
  A quokka (D:2)
  A frilled lizard (D:2)
  3 goblins (D:2)
  2 kobolds
  21 rats
57 creatures vanquished.

Notes
Turn   | Place    | Note
-------+----------+-------------------------------------------
     0 | D:1      | Rrauwl the Gargoyle Fighter began the quest for the Orb.
     0 | D:1      | Reached XP level 1. HP: 14/14 MP: 1/1
   275 | D:1      | Reached XP level 2. HP: 19/19 MP: 2/2
   671 | D:2      | Reached skill level 3 in Maces & Flails
   737 | D:2      | Reached XP level 3. HP: 20/23 MP: 3/3
  1000 | D:2      | Reached skill level 4 in Maces & Flails
  1111 | D:2      | Reached XP level 4. HP: 28/28 MP: 4/4
  1503 | D:3      | HP: 1/28 [orc priest/divine providence (16)]
  1505 | D:3      | Killed from afar by an orc priest

Skill      XL: |  1  2  3 |
---------------+----------+-----
Maces & Flails | 3 4 |  4.8
Fighting       | |  3.2
Armour         | |  3.2
Shields        | |  3.2

Action                   |  1- 3 |  4- 6 || total
-------------------------+-------+-------++-------
Melee: Flail             |   120 |       ||   120
       Whip              |    16 |    68 ||    84
  Use: Scroll            |     1 |       ||     1
       Potion            |       |     1 ||     1
  Eat: Chunk             |     1 |     1 ||     2
       Bread ration      |     1 |       ||     1
Armor: Scale mail        |    54 |       ||    54
       Chain mail        |    63 |    33 ||    96
Dodge: Dodged            |    33 |     7 ||    40
Block: Shield            |    85 |    19 ||   104
